 Dungeon Crawl Stone Soup version 0.23.1 (webtiles) character file.

Game seed: 4059978383422686045

45 Borgoz the Sneak (level 3, -2/27 HPs)
             Began as a Ghoul Enchanter on Mar 8, 2019.
             Blown up by Ijyb (21 damage)
             ... with a wand of disintegration (15)
             ... on level 3 of the Dungeon.
             The game lasted 00:03:18 (1769 turns).

Borgoz the Sneak (Ghoul Enchanter)                  Turns: 1769, Time: 00:03:19

Health: -2/27      AC:  8    Str: 11    XL:     3   Next: 64%
Magic:  0/4        EV: 12    Int: 10    God:
Gold:   69         SH:  0    Dex: 10    Spells: 2/5 levels left

rFire    . . .     SeeInvis .   a - +1 dagger
rCold    + . .     Gourm    .   (no shield)
rNeg     + + +     Faith    .   e - +3 leather armour
rPois    ∞         Spirit   +   q - +0 helmet
rElec    .         Reflect  .   j - +0 cloak
rCorr    .         Harm     .   (no gloves)
MR       .....                  (no boots)
Stlth    ++........             b - amulet of guardian spirit
HPRegen  0.00/turn              (no ring)
MPRegen  0.09/turn              (no ring)

@: rotting
A: rotting body, claws 1, carnivore, cold resistance 1, negative energy
resistance 3, inhibited regeneration, torment resistance, unbreathing
a: no special abilities


You were on level 3 of the Dungeon.
You were not hungry.

You visited 1 branch of the dungeon, and saw 3 of its levels.

You collected 69 gold pieces.

Inventory:

Hand Weapons
 a - a +1 dagger (weapon)
Missiles
 p - 8 curare-tipped needles
Armour
 e - a +3 leather armour (worn)
 h - a +0 ring mail
 j - a +0 cloak (worn)
 q - a +0 helmet (worn)
Jewellery
 b - an amulet of guardian spirit (around neck)
 o - an uncursed amulet of regeneration {unknown}
Scrolls
 f - 3 scrolls of magic mapping {unknown}
 g - 2 scrolls of teleportation {unknown}
 l - a scroll of noise {unknown}
Potions
 c - a potion of curing
 i - 2 potions of magic {unknown}
 m - a potion of haste {unknown}
 n - 2 potions of brilliance {unknown}
Comestibles
 d - 7 rations


   Skills:
 + Level 0.6 Fighting
 * Level 2.1 Short Blades
 + Level 0.8 Armour
 + Level 2.2 Dodging
 - Level 3.2 Stealth
 - Level 1.7 Spellcasting
 - Level 2.5 Hexes
 + Level 0.1 Ice Magic


You had 2 spell levels left.
You knew the following spells:

 Your Spells              Type           Power        Failure   Level  Hunger
a - Corona                Hex            #......      16%         1    ##.....
b - Ensorcelled Hibernat  Hex/Ice        #.....       36%         2    ###....

Your spell library contained the following spells:

 Spells                   Type           Power        Failure   Level  Hunger
 Confuse                  Hex            #.......     41%         3    ####...
 Tukima's Dance           Hex            #.......     41%         3    ####...
 Dazzling Spray           Conj/Hex       #.....       58%         3    ####...


Dungeon Overview and Level Annotations

Branches:
Dungeon (3/15)

Altars:
Yredelemnul

Annotations:
D:3 Ijyb


Innate Abilities, Weirdness & Mutations

Your body is rotting away.
You thrive on raw meat.
You are immune to poison.
You have sharp fingernails.
You are carnivorous and can eat meat at any time.
Your flesh is cold resistant. (rC+)
You are immune to negative energy. (rN+++)
You do not regenerate when monsters are visible.
You are immune to unholy pain and torment.
You can survive without breathing.


Message History

Ijyb shouts!
You hear a shout!
You hit Ijyb but do no damage. Ijyb hits you but does no damage.
Casting: Ensorcelled Hibernation (safe; 36% risk of failure)
Confirm with . or Enter, or press ? or * to list all spells.
Aiming: Ensorcelled Hibernation (safe; 36% risk of failure)
Press: ? - help, Shift-Dir - straight line, f - Ijyb
Aim: Ijyb, wielding a +0 club, wearing a +0 scale mail and carrying a wand of disintegration (16) (chance to defeat MR: 44%) Ijyb looks drowsy...
The helpless Ijyb fails to defend herself.
You puncture Ijyb!
Ijyb is moderately wounded.
Ijyb zaps a wand.
You are blasted!
Ouch! That really hurt!
* * * LOW HITPOINT WARNING * * *
It was a potion of curing.
You feel better. Ijyb closely misses you.
You hit Ijyb but do no damage.
Ijyb is moderately wounded.
Ijyb zaps a wand.
You are blasted!
Ouch! That really hurt!
You die...

##... .... ... #...
#.# #.. #.# #.. #.#
#.# #.# #g# #.# #@#
########.#####.######
.....................)
########.##..#####.###
#.##......#
##.##...##.#
#.....#.##.#
#...###..#.#
#...##.....#


You could see Ijyb.

Vanquished Creatures
  A worm (D:2)
  2 leopard geckos (D:2)
  2 giant cockroaches (D:2)
  6 goblins
  7 hobgoblins
  A ball python (D:2)
  6 bats
  4 frilled lizards
  5 kobolds
  2 rats
36 creatures vanquished.

Notes
Turn   | Place    | Note
-------+----------+-------------------------------------------
     0 | D:1      | Borgoz the Ghoul Enchanter began the quest for the Orb.
     0 | D:1      | Reached XP level 1. HP: 14/14 MP: 2/2
   223 | D:1      | Reached skill level 1 in Short Blades
   448 | D:1      | Reached XP level 2. HP: 17/20 MP: 3/3
   942 | D:1      | Learned a level 2 spell: Ensorcelled Hibernation
  1174 | D:2      | Reached XP level 3. HP: 23/27 MP: 0/4
  1452 | D:2      | Found a basalt altar of Yredelemnul.
  1762 | D:3      | Noticed Ijyb
  1769 | D:3      | Blown up by Ijyb

Skill      XL: |  1  2  3 |
---------------+----------+-----
Short Blades   | 1 2 |  2.1
Dodging        | 2 |  2.2
Fighting       | |  0.6
Armour         | |  0.8
Stealth        | |  3.2
Spellcasting   | |  1.7
Hexes          | |  2.5
Ice Magic      | |  0.1

Action                   || total
-------------------------++-------
Melee: Dagger            ||   177
 Cast: Ensorcelled Hiber ||     2
  Use: Potion            ||     1
 Stab: Sleeping          ||     5
  Eat: Chunk             ||     4
Armor: Leather armour    ||    70
Dodge: Dodged            ||   105
